 Dungeon Crawl Stone Soup version 0.21.1-1-g345015f (webtiles) character file.

10287 vatarom the Destroyer (level 11, -4/97 HPs)
             Began as a Green Draconian Conjurer on Apr 4, 2018.
             Was a Believer of Vehumet.
             Slain by an eight-headed hydra (8 damage)
             ... on level 1 of the Lair of Beasts.
             The game lasted 00:28:58 (10217 turns).

vatarom the Destroyer (Green Draconian Conjurer)   Turns: 10217, Time: 00:28:59

Health: -4/97      AC: 11    Str: 10    XL:     11   Next: 34%
Magic:  13/32      EV: 12    Int: 19    God:    Vehumet [**....]
Gold:   613        SH:  0    Dex: 12    Spells: 0/26 levels left

rFire    . . .     SeeInvis .   G - +9 dagger "Eqyko" {protect, rN+}
rCold    . . .     Gourm    .   (no shield)
rNeg     + . .     Faith    .   (armour unavailable)
rPois    +         Spirit   .   g - +1 hat
rElec    .         Reflect  .   l - +2 cloak
rCorr    .         Harm     .   (no gloves)
MR       .....                  (no boots)
Stlth    ++........             (no amulet)
HPRegen  0.26/turn              k - ring of wizardry
MPRegen  0.23/turn              H - ring of magical power

@: no status effects
A: breathe noxious fumes, unfitting armour, poison resistance, cold-blooded, AC
+7
a: Breathe Noxious Fumes, Renounce Religion


You were on level 1 of the Lair of Beasts.
You worshipped Vehumet.
Vehumet was pleased with you.
You were near starving.

You visited 3 branches of the dungeon, and saw 12 of its levels.

You collected 613 gold pieces.

Inventory:

Hand Weapons
 h - a +1 hunting sling
 n - a +0 dagger
 u - a +0 whip of venom
 z - the +7 quarterstaff "Jellyslayer" {freeze, rF++ rC+}
   (You found it on level 4 of the Dungeon)

   It has been specially enchanted to freeze those struck by it, causing extra
   injury to most foes and up to half again as much damage against particularly
   susceptible opponents.
   It can also slow down cold-blooded creatures.
   It greatly protects you from fire.
   It protects you from cold.
 G - the +9 dagger "Eqyko" (weapon) {protect, rN+}
   (You found it on level 8 of the Dungeon)

   It protects the one who uses it against injury (+AC on strike).
   It protects you from negative energy.
Missiles
 j - 186 stones (quivered)
 I - 57 sling bullets
Armour
 g - a +1 hat (worn)
 l - a +2 cloak (worn)
Jewellery
 k - a ring of wizardry (left hand)
 m - an uncursed ring of protection from cold
 v - a +3 ring of evasion
 H - a ring of magical power (right hand)
 M - an uncursed ring of stealth {unknown}
Wands
 q - a wand of digging (11)
 B - a wand of polymorph (21)
 E - a wand of paralysis (16)
 K - a wand of clouds (6)
 L - a wand of disintegration (19)
 N - a wand of iceblast (11)
Scrolls
 d - 4 scrolls of identify
 f - a scroll of fear
 t - 7 scrolls of remove curse
 w - 2 scrolls of fog
 y - a scroll of vulnerability {unknown}
 C - 3 scrolls of teleportation
 D - a scroll of enchant weapon
Potions
 c - 2 potions of agility
 e - 6 potions of curing
 i - a potion of flight {unknown}
 o - a potion of haste
 p - 3 potions of heal wounds
 r - a potion of lignification {unknown}
 s - a potion of magic {unknown}
 A - 2 potions of invisibility {unknown}
 F - 3 potions of ambrosia {unknown}
Books
 a - a book of Conjurations

   Spells                             Type                      Level
   a - Magic Dart                     Conjuration                  1
   b - Searing Ray                    Conjuration                  2
   c - Dazzling Spray                 Conjuration/Hexes            3
   d - Fulminant Prism                Conjuration/Hexes            4
   e - Force Lance                    Conjuration/Translocation    4
   f - Iskenderun's Mystic Blast      Conjuration                  4
 J - the Volume of Boosts and Battle Magic
   (You found it on level 9 of the Dungeon)

   Spells                             Type                      Level
   a - Shock                          Conjuration/Air              1
   b - Shroud of Golubria             Charms/Translocation         2
   c - Regeneration                   Charms/Necromancy            3
   d - Dazzling Spray                 Conjuration/Hexes            3
   e - Iskenderun's Mystic Blast      Conjuration                  4
   f - Iskenderun's Battlesphere      Conjuration/Charms           5
Comestibles
 b - 9 rations


   Skills:
 + Level 9.5 Fighting
 - Level 1.7 Dodging
 - Level 1.7 Stealth
 + Level 8.3 Spellcasting
 * Level 12.7 Conjurations
 * Level 3.1 Charms
   Level 0.5 Fire Magic


You couldn't memorise any spells.
You knew the following spells:

 Your Spells              Type           Power        Failure   Level  Hunger
a - Magic Dart            Conj           ####         1%          1    None
b - Searing Ray           Conj           ######       1%          2    None
c - Dazzling Spray        Conj/Hex       ####..       1%          3    None
d - Iskenderun's Mystic   Conj           ######..     1%          4    ###....
e - Force Lance           Conj/Tloc      ####....     2%          4    ###....
f - Fulminant Prism       Conj/Hex       ####......   2%          4    ###....
g - Iskenderun's Battles  Conj/Chrm      #####...     3%          5    #####..
h - Regeneration          Chrm/Necr      ##........   6%          3    None


Dungeon Overview and Level Annotations

Branches:
Dungeon (10/15)            Temple (1/1) D:6            Lair (1/6) D:8
    Orc: D:9-12

Altars:
Ashenzari
Cheibriados
Dithmenos
Elyvilon
Fedhas
Gozag
Hepliaklqana
Kikubaaqudgha
Makhleb
Nemelex Xobeh
Okawaru
Qazlal
Ru
Sif Muna
Trog
Uskayaw
Vehumet
Wu Jian
Xom
Yredelemnul
Zin
The Shining One

Shops:
D:8 =

Annotations:
D:4 2 transporters, Grinder


Innate Abilities, Weirdness & Mutations

You can breathe blasts of noxious fumes.
Your lurid green scales are hard. (AC +7)
You cannot fit into any form of body armour.
Your system is resistant to poisons. (rPois)
You are cold-blooded and may be slowed by cold attacks.


Message History

Aiming: Iskenderun's Mystic Blast
Press: ? - help, Shift-Dir - straight line, f/p - eight-headed hydra
Aim: an eight-headed hydra (almost dead, blind)
The orb of energy hits the eight-headed hydra.
The eight-headed hydra is almost dead.
The orb of energy explodes!
The eight-headed hydra is no longer blind.
The eight-headed hydra bites you but does no damage.
The eight-headed hydra bites you!
The eight-headed hydra closely misses you.
The eight-headed hydra bites you.
* * * LOW HITPOINT WARNING * * *
The eight-headed hydra bites you!
* * * LOW HITPOINT WARNING * * *
The eight-headed hydra bites you.
* * * LOW HITPOINT WARNING * * *
The eight-headed hydra bites you!
* * * LOW HITPOINT WARNING * * *
The eight-headed hydra bites you!
You die...

# #...#.).....# #####.#..###.# #
##.......#.#### #. ###
#...........# #.### ..#
#P...........# ######+..### ..#
##...........## #.#.>......#
..####...........÷.###§+........#
..##..............#§§§§#........#
..#..##.........@D.§§#.#........#
....###.............###D.D....S..
..+..##.............# ##........#
..####............### #.........
### ##..#..#.###.# ##)#.#'###
######### ### ####..## #P..#.# #
####+#.### ## ### #........#


You could see an eight-headed hydra.

Vanquished Creatures
  Gastronok (D:8)
  A two-headed ogre (D:8)
  A cyclops (D:10)
  A komodo dragon (D:8)
  2 spiny frogs (Lair:1)
  3 trolls (D:9)
  Prince Ribbit (D:5)
  2 hippogriffs
  A vampire (D:9)
  A wraith (D:10)
  10 yaks
  A hungry ghost (D:7)
  3 hogs (D:7)
  A human (D:7)
  4 water moccasins
  A porcupine (Lair:1)
  A sky beast (D:8)
  An ice beast (D:8)
  A black bear (D:8)
  2 necrophages
  2 orc warriors
  2 phantoms
  4 centaurs
  An ogre (D:2)
  A crocodile (Lair:1)
  2 big kobolds
  2 bullfrogs
  A scorpion (D:6)
  5 wights (D:7)
  A centaur zombie (D:5)
  6 crimson imps
  A quasit (D:9)
  A bullfrog zombie (D:8)
  2 hounds (D:6)
  5 jellies
  2 orc priests
  A bullfrog skeleton (D:8)
  An iguana (D:9)
  Terence (D:3)
  5 worker ants
  3 hound skeletons
  A worker ant zombie (D:6)
  6 adders
  2 shadow imps
  An ooze (D:4)
  An adder zombie (D:9)
  4 worms
  2 dart slugs
  2 leopard geckos
  14 orcs
  A ball python (D:1)
  5 giant cockroaches
  3 goblins
  7 hobgoblins
  17 jackals
  18 kobolds
  3 quokkas
  8 bats
  5 frilled lizards
  A leopard gecko zombie (D:8)
  A quokka skeleton (D:8)
  9 rats
199 creatures vanquished.

Vanquished Creatures (others)
  11 fulminant prisms
  18 plants
29 creatures vanquished.

Grand Total: 228 creatures vanquished

Notes
Turn   | Place    | Note
-------+----------+-------------------------------------------
     0 | D:1      | vatarom the Draconian Conjurer began the quest for the Orb.
     0 | D:1      | Reached XP level 1. HP: 14/14 MP: 3/3
     2 | D:1      | Noticed a demonspawn
     4 | D:1      | Noticed an elf
     4 | D:1      | Noticed a centaur
     6 | D:1      | Noticed a merfolk
     8 | D:1      | Noticed an octopode
     8 | D:1      | Noticed a tengu
    10 | D:1      | Noticed a spriggan
    10 | D:1      | Noticed a troll
    12 | D:1      | Noticed a halfling
    14 | D:1      | Noticed a vine stalker
    14 | D:1      | Noticed a human
    16 | D:1      | Noticed a formicid
    16 | D:1      | Noticed an ogre
    18 | D:1      | Noticed a minotaur
    18 | D:1      | Noticed a draconian
    20 | D:1      | Noticed a felid
    20 | D:1      | Noticed a naga
    22 | D:1      | Noticed a vampire
    24 | D:1      | Noticed a gargoyle
    24 | D:1      | Noticed a dwarf
    26 | D:1      | Noticed a demigod
    26 | D:1      | Noticed a ghoul
   245 | D:1      | Reached XP level 2. HP: 22/22 MP: 1/5
   508 | D:1      | Reached skill level 1 in Fighting
   818 | D:1      | Learned a level 2 spell: Searing Ray
   905 | D:1      | Reached XP level 3. HP: 28/28 MP: 1/6
   956 | D:1      | Learned a level 3 spell: Dazzling Spray
  1146 | D:2      | Noticed an ogre
  1153 | D:2      | Killed an ogre
  1153 | D:2      | Reached skill level 5 in Conjurations
  1153 | D:2      | Reached XP level 4. HP: 36/36 MP: 2/8
  1592 | D:2      | Reached XP level 5. HP: 41/41 MP: 7/9
  1595 | D:2      | Found a basalt altar of Yredelemnul.
  1866 | D:2      | Found a faded altar of an unknown god.
  2371 | D:3      | Noticed Terence
  2417 | D:3      | Killed Terence
  2821 | D:3      | Learned a level 4 spell: Iskenderun's Mystic Blast
  3012 | D:4      | Noticed Grinder
  3118 | D:4      | Noticed a centaur
  3121 | D:4      | Noticed a wyvern
  3122 | D:4      | Found a transporter.
  3123 | D:4      | Found a transporter.
  3140 | D:4      | Found a shimmering altar of Xom.
  3142 | D:4      | Found a snail-covered altar of Cheibriados.
  3181 | D:4      | Noticed a centaur
  3192 | D:4      | Got a pitted quarterstaff
  3193 | D:4      | Identified the +7 quarterstaff "Jellyslayer" {freeze, rF++ rC+} (You found it on level 4 of the Dungeon)
  3206 | D:4      | Killed a centaur
  3206 | D:4      | Reached skill level 6 in Conjurations
  3206 | D:4      | Reached XP level 6. HP: 34/51 MP: 9/11
  3493 | D:5      | Entered Level 5 of the Dungeon
  3638 | D:5      | Found a shimmering altar of Xom.
  3763 | D:5      | Your scales start taking on a lurid green colour.
  3763 | D:5      | Reached XP level 7. HP: 58/58 MP: 12/12
  3763 | D:5      | Gained mutation: Your system is resistant to poisons. (rPois) [Green Draconian growth]
  3812 | D:5      | Reached skill level 7 in Conjurations
  3853 | D:5      | Learned a level 4 spell: Force Lance
  4056 | D:5      | Noticed Prince Ribbit
  4079 | D:5      | Killed Prince Ribbit
  4231 | D:5      | Found an opulent altar of Gozag.
  4419 | D:5      | Found a bloodstained altar of Trog.
  4723 | D:6      | Noticed a hippogriff
  4735 | D:6      | Killed a hippogriff
  4735 | D:6      | Reached skill level 5 in Fighting
  4735 | D:6      | Reached XP level 8. HP: 60/68 MP: 4/15
  4832 | D:6      | Found a staircase to the Ecumenical Temple.
  4870 | D:6      | Reached skill level 8 in Conjurations
  4906 | Temple   | Entered the Ecumenical Temple
  4959 | Temple   | Became a worshipper of Vehumet
  5508 | D:6      | Reached skill level 5 in Spellcasting
  5872 | D:7      | Reached skill level 9 in Conjurations
  6024 | D:7      | Found a bloodstained altar of Trog.
  6222 | D:7      | Reached XP level 9. HP: 75/77 MP: 12/17
  6336 | D:8      | Reached skill level 10 in Conjurations
  6354 | D:8      | Found a sparkling altar of Nemelex Xobeh.
  6389 | D:8      | Got a warped dagger
  6394 | D:8      | Reached * piety under Vehumet
  6394 | D:8      | Offered knowledge of Flame Tongue by Vehumet.
  6396 | D:8      | Identified the +9 dagger "Eqyko" {protect, rN+} (You found it on level 8 of the Dungeon)
  6402 | D:8      | Learned a level 4 spell: Fulminant Prism
  6404 | D:8      | Noticed a two-headed ogre
  6419 | D:8      | Killed a two-headed ogre
  6610 | D:8      | Found Jaodes's Jewellery Shop.
  6724 | D:8      | Found a staircase to the Lair.
  6724 | D:8      | Noticed a komodo dragon
  6771 | D:8      | Reached XP level 10. HP: 85/87 MP: 20/20
  6816 | D:8      | Reached skill level 11 in Conjurations
  7243 | D:8      | Noticed Gastronok
  7268 | D:8      | Killed Gastronok
  7580 | D:9      | Offered knowledge of Throw Flame by Vehumet.
  7580 | D:9      | Reached skill level 12 in Conjurations
  7618 | D:9      | Learned a level 2 spell: Throw Flame
  7623 | D:9      | Reached ** piety under Vehumet
  7819 | D:9      | Identified the Volume of Boosts and Battle Magic
  7834 | D:9      | Learned a level 5 spell: Iskenderun's Battlesphere
  7907 | D:9      | Reached skill level 1 in Charms
  8317 | D:9      | Found an iron altar of Okawaru.
  8596 | D:10     | Entered Level 10 of the Dungeon
  8697 | D:10     | Noticed a cyclops
  8716 | D:10     | Killed a cyclops
  8716 | D:10     | Reached XP level 11. HP: 31/97 MP: 8/23
  8920 | Lair:1   | Entered Level 1 of the Lair of Beasts
  9289 | D:8      | Learned a level 3 spell: Regeneration
  9503 | D:10     | Found a stormy altar of Qazlal.
  9648 | Lair:1   | Offered knowledge of Static Discharge by Vehumet.
  9811 | Lair:1   | Noticed an eight-headed hydra
 10217 | Lair:1   | HP: 4/97 [eight-headed hydra (10)]
 10217 | Lair:1   | Slain by an eight-headed hydra

Skill      XL: |  1  2  3  4  5  6  7  8  9 10 11 |
---------------+----------------------------------+-----
Fighting       | 1 2 3 5 6 7 9 |  9.5
Conjurations   | 5 6 7 9 10 12 | 12.7
Spellcasting   | 3 4 5 6 8 |  8.3
Charms         | 1 3 |  3.1
Dodging        | |  1.7
Stealth        | |  1.7
Fire Magic     | |  0.5

Action                   |  1- 3 |  4- 6 |  7- 9 | 10-12 || total
-------------------------+-------+-------+-------+-------++-------
Melee: Unarmed           |    51 |     2 |       |       ||    53
       Hunting sling     |     5 |       |       |       ||     5
       Tailslap          |     2 |     5 |    18 |     6 ||    31
       Dagger            |       |    10 |    18 |    51 ||    79
       Whip              |       |    56 |       |       ||    56
       Quarterstaff      |       |    17 |   151 |       ||   168
 Fire: Hunting sling     |    19 |     7 |       |       ||    26
Throw: Stone             |       |       |       |     1 ||     1
 Cast: Magic Dart        |    46 |    40 |     5 |    62 ||   153
       Searing Ray       |     1 |    11 |    14 |    14 ||    40
       Dazzling Spray    |       |     1 |     3 |    12 ||    16
       Iskenderun's Myst |       |       |     4 |    19 ||    23
       Force Lance       |       |       |     2 |     6 ||     8
       Fulminant Prism   |       |       |     2 |     9 ||    11
       Iskenderun's Batt |       |       |       |    16 ||    16
       Regeneration      |       |       |       |     1 ||     1
 Abil: Breathe Noxious F |       |       |     3 |     6 ||     9
Evoke: Wand              |       |       |       |     3 ||     3
  Use: Scroll            |       |     9 |     2 |     3 ||    14
       Potion            |       |       |     3 |     4 ||     7
 Stab: Sleeping          |       |     4 |     4 |     1 ||     9
  Eat: Ration            |       |     2 |     3 |     3 ||     8
       Chunk             |       |     6 |     5 |     5 ||    16
Armor: Skin              |    42 |    31 |    83 |    45 ||   201
Dodge: Dodged            |    97 |    93 |   198 |   118 ||   506
